 Dungeon Crawl Stone Soup version 0.27-a0-965-gbf8bb431c4 (webtiles) character file.

Game seed: 10850011133031576840

14 Anon1729 the Magician (level 2, 0/21 HPs)
             Began as a Djinni Hedge Wizard on Apr 12, 2021.
             Slain by a ball python (2 damage)
             ... on level 1 of the Dungeon.
             The game lasted 00:00:56 (591 turns).

Anon1729 the Magician (Djinni Hedge Wizard)          Turns: 591, Time: 00:00:56

Health: 0/21       AC:  2    Str:  9    XL:     2   Next: 45%
Gold:   27         EV: 12    Int: 15    God:
                   SH:  0    Dex: 12

rFire    + + .     SeeInvis .   e - +1 short sword (elec)
rCold    x . .     Faith    .   (no shield)
rNeg     . . .     Spirit   .   b - +0 robe
rPois    ∞         Reflect  .   c - +0 hat
rElec    .         Harm     .   (no cloak)
rCorr    .         Rampage  .   (no gloves)
Will     .....                  (boots unavailable)
Stlth    ++........             (no amulet)
HPRegen  0.07/turn              (no ring)
MPRegen  0.00/turn              (no ring)

@: flying
A: fire resistance 2, cold vulnerability 1, float, innate caster, hp casting,
extra vitality 1
a: no special abilities


You were on level 1 of the Dungeon.
You visited 1 branch of the dungeon, and saw 1 of its levels.

You collected 27 gold pieces.

Inventory:

Hand Weapons
 a - a +0 dagger
 e - a +1 short sword of electrocution (weapon)
Armour
 b - a +0 robe (worn)
 c - a +0 hat (worn)
Scrolls
 d - a scroll of noise {unknown}


   Skills:
 + Level 0.2 Fighting
 + Level 2.5 Dodging
 + Level 1.9 Stealth
 * Level 2.9 Spellcasting


You couldn't memorise any spells.
You knew the following spells:

 Your Spells              Type           Power      Damage    Failure   Level
a - Magic Dart            Conj           44%        1d5       6%          1
b - Blink                 Tloc           N/A        N/A       9%          2
c - Call Imp              Summ           11%        N/A       9%          2
d - Slow                  Hex            11%        N/A       9%          2
e - Conjure Flame         Conj/Fire      11%        6-21      19%         3
f - Mephitic Cloud        Conj/Pois/Air  11%        N/A       19%         3
Your spell library was empty.

Dungeon Overview and Level Annotations

Branches:
Dungeon (1/15)

Altars:


Innate Abilities, Weirdness & Mutations

You are immune to poison.
Your flesh is very heat resistant. (rF++)
You are vulnerable to cold. (rC-)
You float through the air rather than walking.
You learn spells naturally, not from books.
Your magical power is your life essence.
You have superior vitality. (+4 HP)


Message History

The ball python hisses angrily.
You barely miss the jackal.
The jackal is heavily wounded.
The jackal bites you.
The ball python bites you but does no damage.
The ball python grabs you. The ball python constricts you.
The jackal barely misses you.
You closely miss the jackal.
The jackal is heavily wounded.
The ball python bites you but does no damage.
The ball python constricts you. The jackal bites you.
* * * LOW HITPOINT WARNING * * *
The ball python bites you.
* * * LOW HITPOINT WARNING * * *
x2 The ball python constricts you.
You escape the ball python's grasp.
The jackal bites you but does no damage.
Found 22 sling bullets.
The jackal closely misses you.
Casting: Magic Dart (safe; 6% risk of failure)
Confirm with . or Enter, or press ? or * to list all spells.
Aiming: Magic Dart (safe; 6% risk of failure)
Press: ? - help, Shift-Dir - straight line, f - ball python
Aim: a ball python (0% to evade)
The magic dart hits the jackal but does no damage.
The jackal is moderately wounded.
* * * LOW HITPOINT WARNING * * *
The jackal barely misses you. The jackal closely misses you.
You closely miss the jackal.
The jackal is moderately wounded.
The jackal closely misses you. The ball python closely misses you.
The ball python misses you. The jackal barely misses you.
You hit the jackal but do no damage.
The jackal is moderately wounded.
The jackal misses you.
The jackal bites you but does no damage.
The ball python bites you.
You die...

.# ...###...##......###.###...#
.## #.. #.#............(....#
..# ..# #...#>....>...>....##
#.# ...#..#..#............#
#.### ......................#
#...##.##............#.......#
#..............##............#
............†..##Sh............
#...............@.†............
#..............##....####....##
...............#.....# ....#
#..................#†## ###
#..........###........#
#.......... #........#
#.##.###( .)..........
..............#
..........$##..#


You could see a jackal and a ball python.

Vanquished Creatures
  An endoplasm (D:1)
  2 hobgoblins (D:1)
  2 jackals (D:1)
  A ball python (D:1)
  2 frilled lizards (D:1)
  3 kobolds (D:1)
  3 rats (D:1)
14 creatures vanquished.

Notes
Turn   | Place    | Note
-------+----------+-------------------------------------------
     0 | D:1      | Anon1729 the Djinni Hedge Wizard began the quest for the
                  | Orb.
     0 | D:1      | Reached XP level 1. HP: 15/15 MP: 0/0
   402 | D:1      | Reached XP level 2. HP: 19/21 MP: 0/0
   591 | D:1      | Slain by a ball python

Illustrated notes

Levels and vault maps discovered:
D:1:      kennysheep_arrival_forest, layout_rooms

Action                   || total
-------------------------++-------
Melee: Short sword       ||    17
 Cast: Magic Dart        ||    30
Armor: Robe              ||     7
Dodge: Dodged            ||    25

Table legend: (Time is in decaauts)
 A = Elapsed time spent in this place.
 B = Non-inter-level travel time spent in this place.
 C = Inter-level travel time spent in this place.
 D = Time resting spent in this place.
 E = Time spent auto-exploring this place.
 F = Levels seen in this place.
 G = Mean time per level.
                   A        B        C        D        E       F      G
               +--------+--------+--------+--------+--------+-----+--------+
         Total |    592 |    592 |      0 |      0 |    510 |   1 |  592.0 |
       Dungeon |    592 |    592 |      0 |      0 |    510 |   1 |  592.0 |
               +--------+--------+--------+--------+--------+-----+--------+

Top non-repeatable levels by time:
     D:1: 592 daAuts
